 Dungeon Crawl Stone Soup version 0.30-a0-696-g2367cd04db (webtiles) character file.

Game seed: 6892821038371502468

22751 ASSMAN the Fighter (level 13, -2/104 HPs)
             Began as a Gnoll Wanderer on Jan 21, 2023.
             Was an Elder of Sif Muna.
             Slain by a bullfrog (15 damage)
             ... on level 4 of the Lair of Beasts.
             The game lasted 00:28:51 (16449 turns).

ASSMAN the Fighter (Gnoll Wanderer)                Turns: 16449, Time: 00:28:52

Health: -2/104     AC: 14    Str: 13    XL:     13   Next: 2%
Magic:  25/25      EV:  2    Int: 11    God:    Sif Muna [****..]
Gold:   905        SH:  0    Dex: 25    Spells: 16/29 levels left

rFire   . . .      SeeInvis .    a - +3 quarterstaff (freeze)
rCold   . . .      Faith    .    (shield currently unavailable)
rNeg    . . .      Spirit   .    v - +0 acid dragon scales
rPois   .          Reflect  .    (no helmet)
rElec   .          Harm     .    A - +0 cloak
rCorr   +          Rampage  .    m - +2 pair of gloves {Str+3}
Will    .....                    I - +0 pair of boots
Stlth   ++++                     (no amulet)
HPRegen 0.37/turn                t - +5 ring of evasion
MPRegen 0.19/turn                g - +6 ring of dexterity

@: sleeping
A: fangs 1, strong nose, distributed training
a: Renounce Religion, Channel Magic, Forget Spell, Divine Exegesis


You were on level 4 of the Lair of Beasts.
You worshipped Sif Muna.
Sif Muna was greatly pleased with you.
You visited 3 branches of the dungeon, and saw 15 of its levels.
You also visited: Bailey.

You collected 905 gold pieces.

Inventory:

Hand Weapons
 a - a +3 quarterstaff of freezing (weapon)
 G - a +1 flail of holy wrath
 P - a +1 sling of freezing
Missiles
 i - 8 javelins
 n - 20 boomerangs
 S - 4 curare-tipped darts
Armour
 h - a +2 leather armour of fire resistance
 m - a +2 pair of gloves of strength (worn)
 v - +0 acid dragon scales (worn)
 y - the +3 leather armour of the Endless Expanse {Dex+2}
   (You found it on level 4 of the Dungeon)

   Dex:       It affects your dexterity (+2).
 A - a +0 cloak (worn)
 B - a +1 chain mail of cold resistance
 I - a +0 pair of boots (worn)
Magical Staves
 o - a staff of conjuration
Jewellery
 c - a +6 ring of strength
 g - a +6 ring of dexterity (right hand)
 t - a +5 ring of evasion (left hand)
 x - a ring of positive energy
 K - a ring of protection from fire
Wands
 f - a wand of charming (11)
 z - a wand of digging (6)
 N - a wand of polymorph (6)
 O - a wand of flame (43)
 U - a wand of acid (4)
Scrolls
 j - 2 scrolls of vulnerability
 k - a scroll of fog
 p - a scroll of identify
 q - a scroll of amnesia {unknown}
 r - 3 scrolls of enchant weapon
 J - a scroll of torment
 L - a scroll of teleportation
 Q - a scroll of noise
 R - a scroll of immolation
Potions
 b - 6 potions of attraction
 d - 2 potions of haste
 e - 8 potions of curing
 l - a potion of magic
 s - 3 potions of flight
 w - 2 potions of degeneration {unknown}
 C - 3 potions of might {unknown}
 E - 3 potions of mutation {unknown}
 F - a potion of berserk rage {unknown}
 H - 2 potions of brilliance {unknown}
 M - a potion of ambrosia {unknown}


   Skills:
 + Level 10.5 Fighting
 + Level 8.1 Short Blades
 + Level 8.1 Long Blades
 + Level 8.1 Axes
 + Level 8.1 Maces & Flails
 + Level 8.1 Polearms
 + Level 9.4 Staves
 + Level 8.1 Ranged Weapons
 + Level 8.1 Throwing
 + Level 9.4 Armour
 + Level 8.1 Dodging
 + Level 9.2 Stealth
 + Level 8.1 Shields
 + Level 8.1 Unarmed Combat
 + Level 8.7 Spellcasting
 + Level 6.7 Conjurations
 + Level 6.7 Hexes
 + Level 6.7 Summonings
 + Level 6.7 Necromancy
 + Level 6.7 Translocations
 + Level 6.7 Transmutations
 + Level 6.7 Fire Magic
 + Level 6.7 Ice Magic
 + Level 6.7 Air Magic
 + Level 6.7 Earth Magic
 + Level 6.7 Poison Magic
 + Level 8.9 Invocations
 + Level 8.1 Evocations


You had 16 spell levels left.
You knew the following spells:

 Your Spells              Type           Power      Damage    Failure   Level
a - Ensorcelled Hibernat  Hex/Ice        38%        N/A       1%          2
b - Ozocubu's Armour      Ice            19%        N/A       3%          3
c - Apportation           Tloc           38%        N/A       1%          1
d - Swiftness             Air            19%        N/A       3%          3
e - Summon Ice Beast      Ice/Summ       19%        N/A       12%         4

Your spell library contained the following spells:

 Spells                   Type           Power      Damage    Failure   Level
 Freeze                   Ice            76%        1d8       1%          1
 Blink                    Tloc           38%        N/A       1%          2
 Passwall                 Tmut/Erth      15%        N/A       1%          2
 Frozen Ramparts          Ice            38%        1d6       3%          3
 Kindle Blastsparks       Fire/Tloc/Air  38%        2d13      3%          3
 Portal Projectile        Hex/Tloc       38%        N/A       3%          3
 Ice Form                 Ice/Tmut       19%        N/A       12%         4
 Manifold Assault         Tloc           19%        N/A       12%         4
 Alistair's Intoxication  Tmut/Pois      12%        N/A       34%         5
 Blade Hands              Tmut           9%         N/A       34%         5
 Irradiate                Conj/Tmut      9%         3d14      34%         5
 Metabolic Englaciation   Hex/Ice        9%         N/A       34%         5
 Simulacrum               Ice/Necr       9%         N/A       88%         6
 Dragon Form              Tmut           9%         N/A       100%        7
 Polar Vortex             Ice            9%         N/A       100%        9


Dungeon Overview and Level Annotations

Branches:
Dungeon (10/15)            Temple (1/1) D:4            Lair (4/5) D:9
 Shoals (0/4) Lair:2       Spider (0/4) Lair:3          Orc (0/2) D:9
 Bailey (visited)
  Slime: Lair:4-5

Altars:
Ashenzari
Cheibriados
Dithmenos
Elyvilon
Fedhas
Gozag
Hepliaklqana
Kikubaaqudgha
Makhleb
Nemelex Xobeh
Okawaru
Qazlal
Ru
Sif Muna
Trog
Uskayaw
Vehumet
Wu Jian
Xom
Yredelemnul
Zin
The Shining One
Jiyva

Shops:
D:4 [

Annotations:
D:9 Psyche
D:10 exclusion: oklob sapling
Lair:4 exclusion: 2 oklob plants


Innate Abilities, Weirdness & Mutations

You have very sharp teeth.
Your uncanny sense of smell can sniff out nearby items.
Your experience applies equally to all skills.


Message History

The dream sheep is severely wounded.
The bullfrog misses you.
The dream sheep shake their wool and sparkle.
You feel drowsy...
You fall asleep.
The dream sheep bites you!!
You wake up.
The bullfrog misses you.
The dream sheep bites you but does no damage.
The dream sheep completely misses you. x3; The bullfrog completely misses you.
You hit the dream sheep. You freeze the dream sheep.
You bite the dream sheep, but do no damage.
The dream sheep is severely wounded.
The bullfrog misses you. The dream sheep closely misses you.
The dream sheep barely misses you. The dream sheep closely misses you.
The dream sheep barely misses you.
Unknown command.
The dream sheep attacks as you move away!
The dream sheep closely misses you.
The dream sheep attacks as you move away!
The dream sheep completely misses you. The bullfrog completely misses you.
The dream sheep completely misses you. The bullfrog misses you.
The bullfrog attacks as you move away! The bullfrog misses you.
The dream sheep are wreathed in dream dust.
You feel drowsy...
You fall asleep.
The dream sheep bites you!!
You wake up.
* * * LOW HITPOINT WARNING * * *
The dream sheep barely misses you.
Unknown command.
The bullfrog hits you but does no damage.
The bullfrog attacks as you move away!
The bullfrog hits you but does no damage.
The bullfrog completely misses you.
The dream sheep attacks as you move away!
The dream sheep closely misses you.
The dream sheep attacks as you move away!
The dream sheep bites you.
* * * LOW HITPOINT WARNING * * *
The dream sheep shake their wool and sparkle.
You feel drowsy...
You fall asleep.
The bullfrog hits you!
You die...

###..####..........#
.......#P...#.......
#...........##.....#
......##.....#......
...##.#...##...Y###+##.#
..P.#.#....##...Y.#....#
..............YYY.......
................F.......
................@.......
........................
........................
....##...P##........#...
....##...##P.....##..##.
...###...###.....# ...#
....#....#.......##.....
...###.................#
....##P#.##.......PP..#


You could see a bullfrog and 5 dream sheep.

Vanquished Creatures
  2 two-headed ogres
  3 death yaks
  Sonja (Lair:2)
  A lindwurm (Lair:2)
  2 merfolk sirens (Lair:2)
  2 black mambas
  4 cane toads
  Joseph (Lair:1)
  4 komodo dragons
  A rime drake (D:9)
  A troll (D:9)
  2 polar bears (Lair:2)
  12 blink frogs
  2 dream sheep (Lair:4)
  A jumping spider (Lair:3)
  Sigmund (D:6)
  2 culicivoras (Lair:3)
  A shadow (D:9)
  28 yaks
  6 wyverns
  A basilisk (Lair:2)
  Edmund (D:6)
  2 acid dragons
  10 water moccasins
  4 orc warriors
  2 black bears
  A sky beast (D:6)
  7 ice beasts
  An ogre (D:6)
  8 wolves
  3 phantoms
  A kobold brigand (D:6)
  8 bullfrogs
  3 scorpions
  3 necrophages (D:7)
  4 wights (D:9)
  2 troll zombies (D:9)
  An electric eel (Lair:3)
  6 hounds
  A jelly (D:3)
  3 orc priests
  3 gnoll boudas
  An iguana (D:7)
  5 orc wizards
  4 ogre zombies (D:9)
  Robin (D:3)
  13 gnolls
  11 adders
  2 shadow imps
  4 white imps
  An ufetubus (D:5)
  A worm (D:3)
  3 dart slugs
  18 orcs
  7 bats
  8 endoplasms
  3 giant cockroaches
  14 goblins
  5 hobgoblins
  A jackal (D:10)
  6 quokkas
  15 ball pythons
  4 frilled lizards
  A goblin skeleton (D:9)
  3 goblin zombies (D:9)
  A hobgoblin skeleton (D:9)
  17 kobolds
  4 orc skeletons (D:9)
  9 orc zombies (D:9)
  4 rats
318 creatures vanquished.

Vanquished Creatures (others)
  16 fungi
  16 plants
32 creatures vanquished.

Grand Total: 350 creatures vanquished

Notes
Turn   | Place    | Note
-------+----------+-------------------------------------------
     0 | D:1      | ASSMAN the Gnoll Wanderer began the quest for the Orb.
     0 | D:1      | ASSMAN set off with the following items: a +2 quarterstaff,
                  | a potion of attraction, a +0 pair of boots, a potion of
                  | haste, a +0 robe.
     0 | D:1      | Reached XP level 1. HP: 23/23 MP: 4/4
   270 | D:1      | Reached XP level 2. HP: 29/29 MP: 5/5
   762 | D:2      | Reached XP level 3. HP: 19/35 MP: 7/7
   873 | D:2      | Reached skill level 1 in Invocations
   962 | D:2      | Found a snail-covered altar of Cheibriados.
  1005 | D:2      | Reached skill level 1 in Short Blades
  1005 | D:2      | Reached skill level 1 in Long Blades
  1005 | D:2      | Reached skill level 1 in Axes
  1005 | D:2      | Reached skill level 1 in Maces & Flails
  1005 | D:2      | Reached skill level 1 in Polearms
  1005 | D:2      | Reached skill level 1 in Ranged Weapons
  1005 | D:2      | Reached skill level 1 in Throwing
  1005 | D:2      | Reached skill level 1 in Dodging
  1005 | D:2      | Reached skill level 1 in Shields
  1005 | D:2      | Reached skill level 1 in Unarmed Combat
  1005 | D:2      | Reached skill level 1 in Evocations
  1212 | D:2      | Reached XP level 4. HP: 41/41 MP: 8/8
  1609 | D:3      | Reached skill level 1 in Conjurations
  1609 | D:3      | Reached skill level 1 in Hexes
  1609 | D:3      | Reached skill level 1 in Summonings
  1609 | D:3      | Reached skill level 1 in Necromancy
  1609 | D:3      | Reached skill level 1 in Translocations
  1609 | D:3      | Reached skill level 1 in Transmutations
  1609 | D:3      | Reached skill level 1 in Fire Magic
  1609 | D:3      | Reached skill level 1 in Ice Magic
  1609 | D:3      | Reached skill level 1 in Air Magic
  1609 | D:3      | Reached skill level 1 in Earth Magic
  1609 | D:3      | Reached skill level 1 in Poison Magic
  1708 | D:3      | Reached XP level 5. HP: 26/47 MP: 9/9
  2128 | D:3      | Noticed Robin
  2142 | D:3      | Killed Robin
  2501 | D:4      | Identified the +3 leather armour of the Endless Expanse
                  | {Dex+2}
  2817 | D:4      | Found a staircase to the Ecumenical Temple.
  2918 | Temple   | Entered the Ecumenical Temple
  2979 | Temple   | Became a worshipper of Sif Muna the Loreminder
  3072 | D:4      | Reached XP level 6. HP: 50/53 MP: 9/11
  3163 | D:4      | Found Goteun's Armour Boutique.
  3295 | D:4      | Reached skill level 5 in Staves
  3295 | D:4      | Reached skill level 5 in Armour
  3333 | D:5      | Entered Level 5 of the Dungeon
  3555 | D:5      | Found a burning altar of Makhleb.
  3931 | D:5      | Reached skill level 7 in Fighting
  3931 | D:5      | Reached XP level 7. HP: 60/60 MP: 12/12
  4073 | D:5      | Found an ancient bone altar of Kikubaaqudgha.
  4073 | D:5      | Found a sparkling altar of Nemelex Xobeh.
  4140 | D:5      | Reached * piety under Sif Muna
  4141 | D:5      | Reached skill level 5 in Stealth
  4600 | D:6      | Reached XP level 8. HP: 67/67 MP: 14/14
  4782 | D:6      | Learned a level 2 spell: Ensorcelled Hibernation
  4995 | D:6      | Noticed Sigmund
  5004 | D:6      | Killed Sigmund
  5092 | D:6      | Noticed Edmund
  5106 | D:6      | Killed Edmund
  5489 | D:6      | Found a glowing silver altar of Zin.
  5489 | D:6      | Noticed an angel
  5734 | D:7      | Reached XP level 9. HP: 44/73 MP: 16/16
  5734 | D:7      | Reached ** piety under Sif Muna
  5995 | D:7      | Reached skill level 5 in Spellcasting
  6233 | D:7      | Found a flagged portal.
  6251 | Bailey   | Entered a bailey
  6256 | Bailey   | Noticed an orc warlord
  6653 | D:7      | Reached skill level 8 in Fighting
  6844 | D:7      | Reached skill level 5 in Invocations
  7283 | D:8      | Noticed a two-headed ogre
  7298 | D:8      | Killed a two-headed ogre
  7299 | D:8      | Reached skill level 5 in Short Blades
  7299 | D:8      | Reached skill level 5 in Long Blades
  7299 | D:8      | Reached skill level 5 in Axes
  7299 | D:8      | Reached skill level 5 in Maces & Flails
  7299 | D:8      | Reached skill level 5 in Polearms
  7299 | D:8      | Reached skill level 5 in Ranged Weapons
  7299 | D:8      | Reached skill level 5 in Throwing
  7299 | D:8      | Reached skill level 5 in Dodging
  7299 | D:8      | Reached skill level 5 in Shields
  7299 | D:8      | Reached skill level 5 in Unarmed Combat
  7299 | D:8      | Reached skill level 5 in Evocations
  7299 | D:8      | Reached XP level 10. HP: 30/81 MP: 16/18
  7303 | D:8      | Learned a level 3 spell: Ozocubu's Armour
  8292 | D:9      | Reached *** piety under Sif Muna
  8364 | D:9      | Found a staircase to the Lair.
  8823 | D:9      | Noticed Psyche
  9037 | D:9      | Found a sacrificial altar of Ru.
  9054 | D:9      | Found an opulent altar of Gozag.
  9054 | D:9      | Found a bloodstained altar of Trog.
  9190 | D:9      | Reached skill level 9 in Fighting
  9480 | D:9      | Found a staircase to the Orcish Mines.
  9498 | D:9      | Reached skill level 5 in Conjurations
  9498 | D:9      | Reached skill level 5 in Hexes
  9498 | D:9      | Reached skill level 5 in Summonings
  9498 | D:9      | Reached skill level 5 in Necromancy
  9498 | D:9      | Reached skill level 5 in Translocations
  9498 | D:9      | Reached skill level 5 in Transmutations
  9498 | D:9      | Reached skill level 5 in Fire Magic
  9498 | D:9      | Reached skill level 5 in Ice Magic
  9498 | D:9      | Reached skill level 5 in Air Magic
  9498 | D:9      | Reached skill level 5 in Earth Magic
  9498 | D:9      | Reached skill level 5 in Poison Magic
  9506 | D:9      | Reached XP level 11. HP: 75/89 MP: 21/21
  9522 | D:9      | Reached **** piety under Sif Muna
  9934 | D:10     | Entered Level 10 of the Dungeon
  9961 | D:10     | Noticed a two-headed ogre
  9970 | D:10     | Killed a two-headed ogre
 10033 | D:10     | Found a hide-covered altar of Uskayaw.
 10679 | D:10     | Noticed a tengu warrior
 10711 | Lair:1   | Entered Level 1 of the Lair of Beasts
 11022 | Lair:1   | Noticed Joseph
 11048 | Lair:1   | Killed Joseph
 11348 | Lair:1   | Learned a level 1 spell: Apportation
 11916 | Lair:2   | Noticed a lindwurm
 11939 | Lair:2   | Killed a lindwurm
 12133 | Lair:2   | Noticed Sonja
 12142 | Lair:2   | Killed Sonja
 12437 | Lair:2   | Reached XP level 12. HP: 92/97 MP: 23/23
 12731 | Lair:2   | Found a staircase to the Shoals.
 12821 | Lair:2   | Learned a level 3 spell: Swiftness
 13144 | Lair:3   | Reached ***** piety under Sif Muna
 13145 | Lair:3   | Reached skill level 10 in Fighting
 13406 | Lair:3   | Received a gift from Sif Muna
 13407 | Lair:3   | Got Ponwun's Parchment of Shivering Space {god gift}
 13536 | Lair:3   | Noticed a boulder beetle
 13562 | Lair:3   | Found a hole to the Spider Nest.
 13973 | Lair:2   | Learned a level 4 spell: Summon Ice Beast
 14634 | Lair:3   | Noticed a death yak
 14635 | Lair:3   | Noticed a death yak
 14636 | Lair:3   | Noticed a death yak
 14852 | Lair:2   | Killed a death yak
 15643 | Lair:3   | Killed a death yak
 15958 | Lair:3   | Killed a death yak
 16289 | Lair:4   | Found a viscous altar of Jiyva.
 16379 | Lair:4   | Reached XP level 13. HP: 97/104 MP: 25/25
 16449 | Lair:4   | Slain by a bullfrog

Illustrated notes

Levels and vault maps discovered:
D:1:      eino_arrival_water_star, layout_basic
D:2:      layout_basic, basic_altar
D:3:      layout_loops_corners, st_stairs_9, kennysheep_potato, uniq_robin
D:4:      layout_basic, minmay_temple_entry_stoned_glass, serial_shops, shop,
          grunt_decor_arrowhead, cheibrodos_gnoll_hut
D:5:      black_bear_nest_1, layout_basic, lightli_temple_of_fire,
          mainiacjoe_overflow_divided_tiny, minivault_24
D:6:      layout_loops_corners, zin_angel, uniq_sigmund, uniq_edmund
D:7:      layout_rooms, enter_bailey_6
D:8:      layout_gridville
D:9:      layout_loops_ring, grunt_temple_overflow_diamond,
          hellmonk_lair_entry_icy, zombieorc1_lemuel, hex_large, uniq_psyche
D:10:     layout_stronghold, mainiacjoe_overflow_alcove_2,
          introduction_to_nature_1
Temple:   zaba_magenta_temple
Lair:1:   layout_chaotic_city, minmay_holes, infiniplex_staircase_pool,
          uniq_joseph
Lair:2:   layout_hall_layers, elwin_shoals_entry_rooms, grunt_megastairs_2,
          serial_bayou_shore_b, lemuel_fruit_fields, uniq_sonja
Lair:3:   layout_gridlike, spider_nest_entry_funnel_web, gauntlet_entry_generic,
          gammafunk_lair_bear_cave
Lair:4:   layout_regular_city, minmay_slime_entry_oklob_enclosed

Skill      XL: |  1  2  3  4  5  6  7  8  9 10 11 12 |
---------------+-------------------------------------+-----
Invocations    | 1 2 3 4 5 6 7 8 |  8.9
Short Blades   | 1 2 3 5 6 7 8 |  8.1
Long Blades    | 1 2 3 5 6 7 8 |  8.1
Axes           | 1 2 3 5 6 7 8 |  8.1
Maces & Flails | 1 2 3 5 6 7 8 |  8.1
Polearms       | 1 2 3 5 6 7 8 |  8.1
Ranged Weapons | 1 2 3 5 6 7 8 |  8.1
Throwing       | 1 2 3 5 6 7 8 |  8.1
Dodging        | 1 2 3 5 6 7 8 |  8.1
Shields        | 1 2 3 5 6 7 8 |  8.1
Unarmed Combat | 1 2 3 5 6 7 8 |  8.1
Evocations     | 1 2 3 5 6 7 8 |  8.1
Spellcasting   | 3 4 5 6 7 8 |  8.7
Conjurations   | 1 2 3 4 5 6 |  6.7
Hexes          | 1 2 3 4 5 6 |  6.7
Summonings     | 1 2 3 4 5 6 |  6.7
Necromancy     | 1 2 3 4 5 6 |  6.7
Translocations | 1 2 3 4 5 6 |  6.7
Transmutations | 1 2 3 4 5 6 |  6.7
Fire Magic     | 1 2 3 4 5 6 |  6.7
Ice Magic      | 1 2 3 4 5 6 |  6.7
Air Magic      | 1 2 3 4 5 6 |  6.7
Earth Magic    | 1 2 3 4 5 6 |  6.7
Poison Magic   | 1 2 3 4 5 6 |  6.7
Staves         | 5 6 7 8 9 |  9.4
Armour         | 5 6 7 8 9 |  9.4
Fighting       | 7 8 9 10 | 10.5
Stealth        | 5 6 7 8 9 |  9.2

Action                   |  1- 3 |  4- 6 |  7- 9 | 10-12 | 13-15 || total
-------------------------+-------+-------+-------+-------+-------++-------
Melee: Quarterstaff      |    68 |   140 |   349 |   971 |    13 ||  1541
       Bite              |     3 |     9 |    45 |   168 |     4 ||   229
Throw: Javelin           |     2 |       |    14 |       |       ||    16
       Throwing net      |       |       |     1 |       |       ||     1
 Cast: Ensorcelled Hiber |       |       |     6 |    19 |       ||    25
       Ozocubu's Armour  |       |       |       |     9 |       ||     9
       Summon Ice Beast  |       |       |       |     2 |       ||     2
  Use: Scroll            |       |       |     5 |    16 |       ||    21
       Potion            |       |       |     1 |     6 |       ||     7
 Stab: Sleeping          |     7 |    15 |     8 |    22 |       ||    52
       Distracted        |       |       |     1 |     1 |       ||     2
       Invisible         |       |       |       |     7 |       ||     7
Armor: Robe              |    28 |    17 |       |       |       ||    45
       Leather armour    |       |    25 |    97 |    70 |       ||   192
       Acid dragon scale |       |       |       |   140 |     7 ||   147
       Skin              |       |       |       |    22 |       ||    22
Dodge: Dodged            |    48 |   100 |   330 |   910 |    46 ||  1434

Table legend: (Time is in decaauts)
 A = Elapsed time spent in this place.
 B = Non-inter-level travel time spent in this place.
 C = Inter-level travel time spent in this place.
 D = Time resting spent in this place.
 E = Time spent auto-exploring this place.
 F = Levels seen in this place.
 G = Mean time per level.
                   A        B        C        D        E       F      G
               +--------+--------+--------+--------+--------+-----+--------+
         Total |  16374 |  15928 |    446 |   2262 |  10298 |  16 | 1023.4 |
       Dungeon |  10507 |  10197 |    310 |    720 |   7334 |  10 | 1050.7 |
        Temple |     76 |     61 |     15 |      0 |     50 |   1 |   76.0 |
          Lair |   5686 |   5566 |    120 |   1542 |   2910 |   4 | 1421.5 |
        Bailey |    104 |    104 |      0 |      0 |      3 |   1 |  104.0 |
               +--------+--------+--------+--------+--------+-----+--------+

Top non-repeatable levels by time:
  Lair:2: 2242 daAuts
  Lair:3: 2228 daAuts
     D:9: 1896 daAuts
     D:6: 1426 daAuts
     D:5: 1123 daAuts
     D:7: 1061 daAuts
     D:8: 992 daAuts
     D:3: 905 daAuts
     D:2: 837 daAuts
     D:4: 837 daAuts
  Lair:1: 802 daAuts
    D:10: 738 daAuts
     D:1: 688 daAuts
  Lair:4: 414 daAuts
  Bailey: 104 daAuts
